 Dungeon Crawl Stone Soup version 0.30.1-3-gfc49f6343a (webtiles) character file.

Game seed: 16473437767374121836

5297 Heoruswealwe the Thaumaturge (level 10, -10/50 HPs)
             Began as a Deep Elf Conjurer on July 30, 2023.
             Was a Believer of Vehumet.
             Mangled by a hornet (15 damage)
             ... on level 9 of the Dungeon.
             The game lasted 01:24:22 (9206 turns).

Heoruswealwe the Thaumaturge (Deep Elf Conjurer)    Turns: 9206, Time: 01:24:23

Health: -10/50     AC:  4    Str:  4    XL:     10   Next: 37%
Magic:  14/30      EV: 13    Int: 40    God:    Vehumet [**....]
Gold:   93         SH:  0    Dex: 21    Spells: 22/37 levels left

rFire   + . .        b - +9 spear of Disorder {heavy, *Slow rElec rC+ Dex+8}
rCold   + . .        (no shield)
rNeg    . . .        c - +0 robe of the Tundras {Will++ Int+6 Slay-5}
rPois   .            g - +1 helmet
rElec   +            h - scarf {repulsion}
rCorr   +            (no gloves)
SInv    .            (no boots)
Will    +++..        (no amulet)
Stlth   ++           k - ring of Qehos {rF+ rCorr}
HPRegen 0.28/turn    j - +6 ring of intelligence
MPRegen 0.22/turn

%: slow self (1%), repel missiles
@: lethally poisoned (-10 -> -14), slowed, very slow
A: no striking features
a: Renounce Religion


You were on level 9 of the Dungeon.
You worshipped Vehumet.
Vehumet was pleased with you.
You visited 2 branches of the dungeon, and saw 11 of its levels.

You collected 552 gold pieces.
You spent 459 gold pieces at shops.

Inventory:

Hand Weapons
 b - the +9 spear of Disorder (weapon) {heavy, *Slow rElec rC+ Dex+8}
   (You found it on level 6 of the Dungeon)

   Dex:       It affects your dexterity (+8).
   rC:        It protects you from cold.
   rElec:     It insulates you from electricity.
   *Slow:     It may slow you when you take damage.
Armour
 c - the +0 robe of the Tundras (worn) {Will++ Int+6 Slay-5}
   (You found it on level 6 of the Dungeon)

   Int:       It affects your intelligence (+6).
   Slay:      It affects your accuracy & damage with ranged weapons and melee
   (-5).
   Will:      It greatly increases your willpower.
 g - a +1 helmet (worn)
 h - a scarf of repulsion (worn)
Magical Staves
 p - a staff of air
Jewellery
 j - a +6 ring of intelligence (right hand)
 k - the ring of Qehos (left hand) {rF+ rCorr}
   (You found it on level 3 of the Dungeon)

   [ring of protection from fire]

   rF:        It protects you from fire.
   rCorr:     It protects you from acid and corrosion.
 s - a ring of flight
Wands
 t - a wand of roots (18)
 w - a wand of charming (8)
 C - a wand of acid (12)
 D - a wand of flame (26)
Scrolls
 a - 2 scrolls of immolation
 e - 5 scrolls of enchant armour
 i - 2 scrolls of magic mapping
 m - 2 scrolls of teleportation
 u - a scroll of fear
 x - 3 scrolls of summoning
 y - 2 scrolls of enchant weapon
 z - 2 scrolls of noise {unknown}
 A - a scroll of silence {unknown}
 E - a scroll of brand weapon {unknown}
 G - a scroll of amnesia {unknown}
 H - a scroll of fog {unknown}
 I - a scroll of acquirement {unknown}
 J - a scroll of poison {unknown}
Potions
 d - 2 potions of lignification {unknown}
 l - 3 potions of berserk rage {unknown}
 n - 2 potions of flight {unknown}
 o - 4 potions of haste {unknown}
 q - 2 potions of brilliance {unknown}
 r - 2 potions of attraction {unknown}
 v - 3 potions of might {unknown}
 B - a potion of curing {unknown}
 F - a potion of mutation {unknown}


   Skills:
 - Level 2.4 Dodging
 - Level 2.4 Stealth
 + Level 14.3 Spellcasting
 + Level 12.7 Conjurations


You had 22 spell levels left.
You knew the following spells:

 Your Spells              Type           Power      Damage    Failure   Level
a - Magic Dart            Conj           100%       1d8       0%          1
b - Shock                 Conj/Air       100%       1d9       1%          1
c - Searing Ray           Conj           100%       2d8       0%          2
d - Dazzling Flash        Conj/Hex       100%       N/A       1%          3
e - Iskenderun's Mystic   Conj/Tloc      68%        2d14      1%          4
f - Fulminant Prism       Conj/Hex       34%        3d15      1%          4

Your spell library contained the following spells:

 Spells                   Type           Power      Damage    Failure   Level
 Poisonous Vapours        Pois/Air       56%        N/A       1%          2
 Apportation              Tloc           56%        N/A       1%          1
 Gell's Gravitas          Tloc           28%        N/A       3%          3
 Ozocubu's Armour         Ice            28%        N/A       3%          3
 Teleport Other           Tloc           28%        N/A       3%          3
 Alistair's Intoxication  Tmut/Pois      18%        N/A       30%         5
 Dispersal                Tloc           14%        N/A       86%         6
 Ozocubu's Refrigeration  Ice            14%        4d10      100%        7


Dungeon Overview and Level Annotations

Branches:
Dungeon (10/15)            Temple (1/1) D:4
   Lair: D:8-11         Orc: D:9-12

Altars:
Ashenzari
Cheibriados
Dithmenos
Elyvilon
Fedhas
Gozag
Hepliaklqana
Kikubaaqudgha
Makhleb
Nemelex Xobeh
Okawaru
Qazlal
Ru
Sif Muna
Trog
Uskayaw
Vehumet
Wu Jian
Xom
Yredelemnul
Zin
The Shining One

Shops:
D:1 ?   D:6 [   D:7 *


Message History

The hornet stings you.
You feel as though you will be slow longer.
You feel very sick. The hornet barely misses you. The hornet stings you!
* * * LOW HITPOINT WARNING * * *
You are lethally poisoned!
You feel as though you will be slow longer.
You can move again.
You feel much better.
You feel very sick. The hornet stings you!
You feel as though you will be slow longer.
The hornet stings you.
* * * LOW HITPOINT WARNING * * *
You feel as though you will be slow longer.
Casting: Iskenderun's Mystic Blast (dangerous; 1% risk of failure)
Confirm with . or Enter, or press ? or * to list all spells.
You erupt in a blast of force!
The mystic blast hits the hornet.
The hornet is heavily wounded.
The hornet is knocked back by the mystic blast.
* * * LOW HITPOINT WARNING * * *
You feel very sick.
Casting: Iskenderun's Mystic Blast (dangerous; 1% risk of failure)
Confirm with . or Enter, or press ? or * to list all spells.
You erupt in a blast of force!
The mystic blast hits the hornet!
The hornet is almost dead.
The hornet is knocked back by the mystic blast.
* * * LOW HITPOINT WARNING * * *
You feel very sick.
Casting: Iskenderun's Mystic Blast (dangerous; 1% risk of failure)
Confirm with . or Enter, or press ? or * to list all spells.
Aiming: Searing Ray (safe; 0% risk of failure)
Press: ? - help, Shift-Dir - straight line, f - hornet
Aim: a hornet (almost dead, 74% to hit)
The searing ray hits the hornet.
The hornet is almost dead. (Press . to maintain the ray.)
* * * LOW HITPOINT WARNING * * *
You feel sick. The hornet stings you!
You die...

## .+
#######.#
#.......#
#.......#
#.......#
#.....y.#
#.....@.#
#.......#
#.......#
###+#####
...
.##...
.#....


You could see a hornet.

Vanquished Creatures
  The ghost of tykejmi the Thaumaturge, a novice DrAE of Vehumet (D:8)
  Joseph (D:8)
  Grinder (D:4)
  A shadow (D:10)
  2 wyverns
  6 yaks
  A wraith (D:10)
  Duvessa (D:4)
  A water moccasin (D:6)
  An ice beast (D:7)
  4 black bears
  An orc warrior (D:6)
  2 sky beasts
  A centaur (D:6)
  An ogre (D:5)
  The ghost of aeroqp the Digger, an amateur FoEE (D:3)
  3 gnoll sergeants
  3 scorpions
  Dowan (D:4)
  5 killer bees (D:10)
  2 howler monkeys
  A hound (D:5)
  An orc priest (D:5)
  4 sleepcaps
  Natasha (thrice) (D:4)
  Terence (D:3)
  6 iguanas
  5 orc wizards
  8 adders
  15 gnolls
  An ufetubus (D:5)
  4 worms
  3 dart slugs
  24 orcs
  13 endoplasms
  3 giant cockroaches
  4 goblins
  7 hobgoblins
  3 jackals (D:2)
  7 kobolds
  4 quokkas
  7 ball pythons
  7 bats
  6 frilled lizards
  5 rats
182 creatures vanquished.

Vanquished Creatures (others)
  4 fulminant prisms
4 creatures vanquished.

Grand Total: 186 creatures vanquished

Notes
Turn   | Place    | Note
-------+----------+-------------------------------------------
     0 | D:1      | Heoruswealwe the Deep Elf Conjurer began the quest for the
                  | Orb.
     0 | D:1      | Reached XP level 1. HP: 10/10 MP: 6/6
    70 | D:1      | Reached XP level 2. HP: 15/15 MP: 0/8
    73 | D:1      | Learned a level 2 spell: Searing Ray
   551 | D:1      | Reached skill level 4 in Spellcasting
   710 | D:1      | Reached XP level 3. HP: 13/19 MP: 7/10
   711 | D:1      | Reached skill level 5 in Conjurations
   715 | D:1      | Learned a level 3 spell: Dazzling Flash
   739 | D:1      | Found Upi Puqoo's Magic Scroll Shoppe.
   780 | D:1      | Bought a scroll of identify for 24 gold pieces
  1204 | D:2      | Reached XP level 4. HP: 24/24 MP: 1/12
  1209 | D:2      | Learned a level 4 spell: Fulminant Prism
  1224 | D:2      | Reached skill level 5 in Spellcasting
  1535 | D:1      | Bought a scroll of teleportation for 36 gold pieces
  1714 | D:2      | Reached XP level 5. HP: 28/28 MP: 10/14
  1719 | D:2      | Learned a level 4 spell: Iskenderun's Mystic Blast
  1879 | D:3      | Found a runed translucent door.
  1884 | D:3      | Noticed aeroqp's ghost (amateur FoEE)
  1893 | D:3      | Killed aeroqp's ghost
  1894 | D:3      | Reached skill level 6 in Spellcasting
  2031 | D:3      | Identified the ring of Qehos {rF+ rCorr}
  2265 | D:3      | Noticed Terence
  2270 | D:3      | Killed Terence
  2271 | D:3      | Reached XP level 6. HP: 32/32 MP: 11/17
  2720 | D:4      | Found a staircase to the Ecumenical Temple.
  2730 | Temple   | Entered the Ecumenical Temple
  2751 | Temple   | Became a worshipper of Vehumet
  3097 | D:4      | Noticed Natasha
  3101 | D:4      | Killed Natasha
  3102 | D:4      | Reached skill level 7 in Spellcasting
  3169 | D:4      | Noticed Grinder
  3177 | D:4      | Killed Grinder
  3178 | D:4      | Reached XP level 7. HP: 27/36 MP: 10/20
  3370 | D:4      | Noticed Dowan
  3371 | D:4      | Noticed Duvessa
  3383 | D:4      | Killed Duvessa
  3384 | D:4      | Reached skill level 8 in Spellcasting
  3390 | D:4      | Killed Dowan
  3622 | D:4      | Noticed Natasha
  3628 | D:4      | Killed Natasha
  3631 | D:4      | Noticed Natasha
  3634 | D:4      | Killed Natasha
  3735 | D:5      | Entered Level 5 of the Dungeon
  3735 | D:5      | Noticed a wyvern
  3741 | D:5      | Killed a wyvern
  3742 | D:5      | Reached skill level 9 in Spellcasting
  3745 | D:5      | Reached XP level 8. HP: 23/41 MP: 6/23
  4608 | D:6      | Reached skill level 10 in Spellcasting
  4710 | D:6      | Identified the +9 spear of Disorder {heavy, *Slow rElec rC+
                  | Dex+8}
  5233 | D:6      | Reached * piety under Vehumet
  5233 | D:6      | Offered knowledge of Shock by Vehumet.
  5234 | D:6      | Reached skill level 11 in Spellcasting
  5234 | D:6      | Reached skill level 10 in Conjurations
  5236 | D:6      | Learned a level 1 spell: Shock
  5255 | D:6      | Found Decukhui's Antique Armour Shoppe.
  5328 | D:6      | Reached XP level 9. HP: 45/45 MP: 11/26
  5470 | D:6      | Bought a robe for 21 gold pieces
  5639 | D:6      | Identified the +0 robe of the Tundras {Will++ Int+6 Slay-5}
  6074 | D:7      | You fall into a shaft and drop 3 floors!
  6074 | D:10     | Entered Level 10 of the Dungeon
  6096 | D:10     | Reached skill level 12 in Spellcasting
  6161 | D:10     | Noticed a troll
  6667 | D:8      | Noticed Joseph
  6679 | D:8      | Reached skill level 13 in Spellcasting
  6680 | D:8      | Killed Joseph
  7120 | D:7      | Found Cesiqu's Neck Hole.
  7460 | D:1      | Bought a scroll of enchant armour for 90 gold pieces
  7460 | D:1      | Bought a scroll of summoning for 114 gold pieces
  7460 | D:1      | Bought a scroll of immolation for 48 gold pieces
  7460 | D:1      | Bought a scroll of teleportation for 36 gold pieces
  7460 | D:1      | Bought a scroll of enchant weapon for 90 gold pieces
  7721 | D:8      | Reached XP level 10. HP: 50/50 MP: 19/29
  8368 | D:8      | Found a runed translucent door.
  8368 | D:8      | Noticed tykejmi's ghost (novice DrAE)
  8384 | D:8      | Killed tykejmi's ghost
  8385 | D:8      | Reached skill level 14 in Spellcasting
  8908 | D:9      | Offered knowledge of Poisonous Vapours by Vehumet.
  8909 | D:9      | Found an ornate altar of the Wu Jian Council.
  8913 | D:9      | Reached ** piety under Vehumet
  9200 | D:9      | Paralysed by a hornet for 3 turns
  9206 | D:9      | Mangled by a hornet

Illustrated notes

Levels and vault maps discovered:
D:1:      moated_graveyard_arrival, layout_basic, serial_shops, shop,
          minmay_heptomino_l4
D:2:      layout_basic, grunt_ministairs_2, serial_bayou_pond_a
D:3:      layout_loops_corners, ebering_ghost_reflecting_pool, uniq_terence
D:4:      layout_basic, minmay_temple_entry_mist, uniq_duvessa, uniq_natasha,
          uniq_grinder
D:5:      layout_cave_pools, minmay_pentangle
D:6:      layout_gridville, serial_shops, shop, nrook_campfire,
          nicolae_grassy_gnolls
D:7:      cheibrodos_helix_gallery, layout_loops_ring,
          nicolae_shop_sticking_my_neck_out
D:8:      layout_loops_ring, gammafunk_ghost_grave, uniq_joseph
D:9:      due_megacathedral, layout_basic, mainiacjoe_overflow_brackets,
          lair_entry_dummy, nicolae_specific_store, uniq_psyche
D:10:     layout_irregular_city
Temple:   mainiacjoe_temple_archimedes_tessellation

Skill      XL: |  1  2  3  4  5  6  7  8  9 10 |
---------------+-------------------------------+-----
Spellcasting   | 4 5 6 7 9 11 13 14 | 14.3
Conjurations   | 5 6 7 8 10 11 12 | 12.7
Dodging        | |  2.4
Stealth        | |  2.4

Action                     |  1- 3 |  4- 6 |  7- 9 | 10-12 || total
---------------------------+-------+-------+-------+-------++-------
  Melee: Unarmed           |     2 |       |       |       ||     2
         Long sword        |       |    15 |       |       ||    15
         Spear             |       |       |    11 |     2 ||    13
         Punch             |       |       |     1 |       ||     1
   Cast: Magic Dart        |    69 |    99 |   104 |    13 ||   285
         Searing Ray       |     1 |     8 |    20 |     3 ||    32
         Iskenderun's Myst |       |       |    53 |    20 ||    73
         Fulminant Prism   |       |       |     3 |     1 ||     4
    Use: Scroll            |     1 |       |     9 |       ||    10
         Potion            |       |       |     3 |     1 ||     4
 Armour: Robe              |     4 |     4 |     4 |     3 ||    15
  Dodge: Dodged            |     5 |    13 |    38 |    16 ||    72
